 Dungeon Crawl Stone Soup version 0.30-b1-2-g02819fbbbe (webtiles) character file.

Game seed: 1985434795273643410

49 Arcadio the Chopper (level 3, 34/34 HPs)
             Began as a Hill Orc Monk on May 12, 2023.
             Was a Believer of Vehumet.
             Quit the game on level 2 of the Dungeon.
             The game lasted 00:02:37 (1339 turns).

Arcadio the Chopper (Hill Orc Monk)                 Turns: 1339, Time: 00:02:38

Health: 34/34      AC:  3    Str: 15    XL:     3   Next: 77%
Magic:  12/12      EV: 12    Int: 10    God:    Vehumet [**....]
Gold:   74         SH:  0    Dex: 13    Spells: 2/2 levels left

rFire   . . .        a - +0 hand axe
rCold   . . .        d - orb {light}
rNeg    . . .        b - +0 robe
rPois   .            (no helmet)
rElec   .            e - +0 cloak
rCorr   .            (no gloves)
SInv    .            (no boots)
Will    .....        (no amulet)
Stlth   +            g - ring of magical power
HPRegen 0.25/turn    (no ring)
MPRegen 0.13/turn

%: no passive effects
@: glowing
A: no striking features
a: Renounce Religion


You were on level 2 of the Dungeon.
You worshipped Vehumet.
Vehumet was pleased with you.
You visited 1 branch of the dungeon, and saw 2 of its levels.

You collected 74 gold pieces.

Inventory:

Hand Weapons
 a - a +0 hand axe (weapon)
Armour
 b - a +0 robe (worn)
 d - an orb of light (worn)
 e - a +0 cloak (worn)
Jewellery
 g - a ring of magical power (left hand)
 l - a ring of ice
Scrolls
 i - a scroll of brand weapon {unknown}
 k - a scroll of blinking {unknown}
Potions
 c - a potion of ambrosia


   Skills:
 + Level 4.3 Fighting
 + Level 4.8 Axes
 + Level 1.9 Armour
 - Level 2.4 Dodging


You had 2 spell levels left.
You didn't know any spells.
Your spell library contained the following spells:

 Spells                   Type           Power      Damage    Failure   Level
 Kiss of Death            Conj/Necr      0%         2d5       36%         1
 Magic Dart               Conj           0%         1d3       36%         1
 Call Imp                 Summ           0%         N/A       50%         2
 Mephitic Cloud           Conj/Pois/Air  0%         N/A       75%         3
 Summon Guardian Golem    Hex/Summ       0%         N/A       75%         3
 Orb of Destruction       Conj           0%         9d5       100%        7
 Spellforged Servitor     Conj/Summ      0%         N/A       100%        7


Dungeon Overview and Level Annotations

Branches:
Dungeon (2/15) Zot: 10654

Altars:
Vehumet


Message History

You feel sick. The adder bites you.
* * * LOW HITPOINT WARNING * * *
The adder bites you but does no damage.
It was a potion of resistance.
You feel protected.
You feel sick. The adder misses you.
It was a potion of heal wounds.
You feel much better.
You feel sick. The adder barely misses you.
You closely miss the adder.
The adder is heavily wounded.
You feel sick.
You are no longer poisoned.
The adder closely misses you. The adder bites you.
You hit the adder.
The adder is heavily wounded.
The adder misses you.
You completely miss the adder.
The adder is heavily wounded.
The adder bites you.
You slash the adder!
You kill the adder!
You hit the rat.
The rat is heavily wounded.
The rat bites you but does no damage.
You hit the rat.
You kill the rat!
Things that are here:
an adder corpse; a giant cockroach corpse You feel less attractive to monsters.
You start to feel less resistant.
Your resistance to elements expires.
Found a faded altar of an unknown god.
There is a stone staircase leading down here.
There is a faded altar of an unknown god here.
This altar belongs to (a) Lugonu, (b) Beogh or (c) Vehumet, but you can't tell which.
Press the corresponding letter to learn more about a god, or press enter to convert or escape to cancel.
Vehumet accepts your prayer! Vehumet welcomes you!
You can now gain magical power from killing.
Vehumet offers you knowledge of Kiss of Death.
Are you sure you want to abandon this character and quit the game? (Confirm with "yes".)

#.......#..#...#
#######...............
##............######.##
#...#######...# #.##
#...# #...# #..# #.).#
#...## ##.#
#...###...## #†#
#...∩...## #####.#
#.@_..# #...... ##...##
#...... #...####
#...... #...#..#
#######..
#...#..###.......#
#...>......#######
#.......#### ###....##
#....#


There were no monsters in sight!

Vanquished Creatures
  3 adders (D:2)
  2 worms (D:2)
  2 ball pythons (D:2)
  An endoplasm (D:1)
  2 giant cockroaches (D:2)
  2 hobgoblins (D:1)
  A kobold (D:1)
  A quokka (D:2)
  A bat (D:1)
  2 frilled lizards
  2 rats (D:2)
19 creatures vanquished.

Notes
Turn   | Place    | Note
-------+----------+-------------------------------------------
     0 | D:1      | Arcadio the Hill Orc Monk began the quest for the Orb.
     0 | D:1      | Reached XP level 1. HP: 19/19 MP: 1/1
   440 | D:1      | Reached XP level 2. HP: 23/27 MP: 1/2
   794 | D:2      | Reached skill level 1 in Armour
   972 | D:2      | HP: 1/27 [worm (10)]
  1087 | D:2      | Reached XP level 3. HP: 21/33 MP: 3/3
  1331 | D:2      | Found a faded altar of an unknown god.
  1337 | D:2      | Prayed at the altar of an unknown god.
  1337 | D:2      | Became a worshipper of Vehumet
  1337 | D:2      | Reached * piety under Vehumet
  1337 | D:2      | Offered knowledge of Kiss of Death by Vehumet.
  1337 | D:2      | Reached ** piety under Vehumet
  1339 | D:2      | Quit the game

Illustrated notes

Levels and vault maps discovered:
D:1:      dpeg_arrival_fog, layout_basic
D:2:      layout_rooms, hellmonk_ecumenical_altar_crossroads, corner_web_ring,
          guppyfry_early_lair_pool

Skill      XL: |  1  2 |
---------------+-------+-----
Armour         | 1 |  1.9
Fighting       | 4 |  4.3
Axes           | |  4.8
Dodging        | |  2.4

Action                     || total
---------------------------++-------
  Melee: Hand axe          ||    76
    Use: Potion            ||     4
 Armour: Robe              ||    20
  Dodge: Dodged            ||    38
